 Dungeon Crawl Stone Soup version 0.21-a0-39-g28ea6b7 (webtiles) character file.

38 blackwizard the Caller (level 3, -6/31 HPs)
             Began as a Troll Summoner on June 1, 2017.
             Mangled by a gnoll (7 damage)
             ... on level 2 of the Dungeon.
             The game lasted 00:05:26 (1051 turns).

blackwizard the Caller (Troll Summoner)             Turns: 1051, Time: 00:05:27

Health: -6/31      AC:  5    Str: 16    XL:     3   Next: 25%
Magic:  1/4        EV: 10    Int: 12    God:
Gold:   38         SH:  0    Dex: 10    Spells: 3/4 levels left

rFire    . . .     SeeInvis .   l - -2 short sword (curse)
rCold    . . .     Gourm    +   (no shield)
rNeg     . . .     Faith    .   a - +0 robe
rPois    .         Spirit   .   (helmet restricted)
rElec    .         Reflect  .   (no cloak)
rCorr    .         Harm     .   (gloves unavailable)
MR       .....                  (boots unavailable)
Stlth    +.........             (no amulet)
Regen    0.5/turn               (no ring)
MPRegen  0.1/turn               (no ring)

@: no status effects
A: unfitting armour, claws 3, fast metabolism 3, gourmand, regeneration 1,
shaggy fur 1, tough skin 2
a: no special abilities


You were on level 2 of the Dungeon.
You were not hungry.

You visited 1 branch of the dungeon, and saw 2 of its levels.

You collected 38 gold pieces.

Inventory:

Hand Weapons
 j - a +0 short sword
 l - a cursed -2 short sword (weapon)
Missiles
 d - 46 stones (quivered)
Armour
 a - a +0 robe (worn)
Scrolls
 f - a scroll of teleportation {unknown}
Potions
 e - a potion of cancellation {unknown}
 g - a potion of mutation {unknown}
 h - a potion of brilliance {unknown}
 i - a potion of flight {unknown}
 k - a potion of lignification {unknown}
 n - a potion of heal wounds {unknown}
Books
 b - a book of Callings

   Spells                             Type                      Level
   a - Summon Small Mammal            Summoning                    1
   b - Call Imp                       Summoning                    2
   c - Call Canine Familiar           Summoning                    3
   d - Summon Guardian Golem          Hexes/Summoning              3
   e - Summon Lightning Spire         Summoning/Air                4
   f - Summon Ice Beast               Ice/Summoning                4
Comestibles
 c - 3 chunks of flesh
 m - 4 fruits


   Skills:
 + Level 0.1 Fighting
 + Level 0.4 Short Blades
 + Level 1.6 Dodging
 + Level 1.0 Stealth
 + Level 0.6 Unarmed Combat
 + Level 1.3 Spellcasting
 + Level 3.5 Summonings


You had 3 spell levels left.
You knew the following spells:

 Your Spells              Type           Power        Failure   Level  Hunger
a - Summon Small Mammal   Summ           #...         7%          1    ##.....


Dungeon Overview and Level Annotations

Branches:
Dungeon (2/15)

Altars:
Nemelex Xobeh

Annotations:
D:2 Jessica


Innate Abilities, Weirdness & Mutations

You are too large for most types of armour.
You have claws for hands.
Your metabolism is lightning-fast.
You like to eat raw meat.
Your natural rate of healing is unusually fast.
You are covered in fur. (AC +1)
You have very tough skin. (AC +2)


Message History

Your bat hits the gnoll but does no damage.
The gnoll hits your rat with a spear!
Your rat dies!
Your rat's corpse disappears in a puff of smoke!
The gnoll barely misses you. The gnoll barely misses you.
The gnoll misses your bat. The gnoll hits you but does no damage.
Your bat closely misses the gnoll.
The gnoll hits you but does no damage.
You see here a club.
Your bat hits the gnoll but does no damage.
The gnoll hits you from afar with a spear.
Your bat hits the gnoll but does no damage.
Your bat disappears in a puff of smoke!
The gnoll hits you from afar with a spear.
* * * LOW HITPOINT WARNING * * *
The gnoll closely misses you.
The gnoll hits you from afar with a spear!
* * * LOW HITPOINT WARNING * * *
The gnoll hits you but does no damage. The gnoll hits you!
You die...

#............# ##....##
............).####......###
##<...........gg†>.........
#............####..#####.#
#..........#....#..#####
###############....>...#
#........# #........#
#@.......# #.g......#
#.gg.....# #....)...#
##########


You could see 3 gnolls.

Vanquished Creatures
  2 adders
  An ooze (D:1)
  A dart slug (D:1)
  A leopard gecko (D:2)
  A giant cockroach (D:1)
  A goblin (D:2)
  3 hobgoblins
  4 kobolds
  4 rats
18 creatures vanquished.

Vanquished Creatures (collateral kills)
  A ball python (D:2)
  A hobgoblin (D:2)
  2 kobolds (D:1)
4 creatures vanquished.

Grand Total: 22 creatures vanquished

Notes
Turn   | Place    | Note
-------+----------+-------------------------------------------
     0 | D:1      | blackwizard the Troll Summoner began the quest for the Orb.
     0 | D:1      | Reached XP level 1. HP: 16/16 MP: 1/1
    68 | D:1      | Reached skill level 3 in Summonings
   302 | D:1      | Reached XP level 2. HP: 22/24 MP: 2/2
   543 | D:1      | Found a sparkling altar of Nemelex Xobeh.
   805 | D:2      | Noticed Jessica
   884 | D:2      | Reached XP level 3. HP: 22/31 MP: 3/3
   991 | D:2      | Found a faded altar of an unknown god.
  1050 | D:2      | HP: 1/31 [gnoll/spear (9)]
  1051 | D:2      | Mangled by a gnoll

Vault maps used:
D:1:      dpeg_arrival_pond, st_stairs_13, nemelex_altar_shiori
D:2:      lemuel_doored_altar, chequers_ecumenical_altar_simple,
          minmay_pentomino_v4, uniq_jessica

Skill      XL: |  1 |
---------------+----+-----
Summonings     | 3 |  3.5
Fighting       | |  0.1
Short Blades   | |  0.4
Dodging        | |  1.6
Stealth        | |  1.0
Unarmed Combat | |  0.6
Spellcasting   | |  1.3

Action                   || total
-------------------------++-------
Melee: Unarmed           ||    35
       Short sword       ||    43
 Cast: Summon Small Mamm ||    23
  Eat: Bread ration      ||     2
Armor: Robe              ||    39
Dodge: Dodged            ||    63
